 Dungeon Crawl Stone Soup version 0.19-a0-934-gf1df8d1 (webtiles) character file.

21120 Gagarin the Bludgeoner (level 12, -14/172 HPs)
             Began as a Minotaur Berserker on July 7, 2016.
             Was a High Priest of Trog.
             Demolished by a komodo dragon (18 damage)
             ... on level 4 of the Lair of Beasts.
             The game lasted 00:36:57 (13050 turns).

Gagarin the Bludgeoner (Minotaur Berserker)        Turns: 13050, Time: 00:36:59

Health: -14/172    AC: 26    Str: 27    XL:     12   Next: 51%
Magic:  3/3        EV:  2    Int:  4    God:    Trog [*****.]
Gold:   511        SH:  0    Dex: 10    Spells: 0 memorised, 11 levels left

rFire  . . .     SeeInvis .     J - +7 great mace (antimagic)
rCold  . . .     Gourm    +     (armour currently unavailable)
rNeg   + + +     Faith    .     (shield currently unavailable)
rPois  +         Spirit   .     (helmet currently unavailable)
rElec  .         Dismiss  .     (cloak currently unavailable)
rCorr  +         Reflect  .     (gloves currently unavailable)
SustAt .         Harm     .     (boots currently unavailable)
MR     ++...     NoTele   +     z - amulet of the gourmand
Stlth  ++........               j - +2 ring of evasion
                                i - ring of resist corrosion

@: lethally poisoned (-14 -> -15), exhausted, tree-form, regenerating, slowed,
very slow, very resistant to hostile enchantments, unstealthy
A: (retaliatory headbutt), (horns 0)
a: Berserk, Trog's Hand, Brothers in Arms, Burn Spellbooks, Renounce Religion


You were on level 4 of the Lair of Beasts.
You worshipped Trog.
Trog was extremely pleased with you.
You were very full.
You were a tree.
You visited 2 branches of the dungeon, and saw 13 of its levels.
You also visited: Sewer and Ossuary.

You collected 623 gold pieces.
You spent 112 gold pieces at shops.

Inventory:

Hand Weapons
 t - a +1 hunting sling of freezing
 J - a +7 antimagic great mace (weapon)
Missiles
 v - 208 sling bullets
 S - 2 throwing nets (quivered)
Armour
 k - a +0 plate armour (melded)
 x - a +0 pair of boots (melded)
 M - a +2 pair of gloves (melded)
Jewellery
 b - an uncursed ring of see invisible {unknown}
 i - a ring of resist corrosion (left branch)
 j - a +2 ring of evasion (right branch)
 z - an amulet of the gourmand (around neck)
Wands
 w - a wand of flame (28/48)
 G - a wand of iceblast (8/15)
 T - a wand of flame (24/48)
 U - a wand of confusion (25/48)
Scrolls
 e - 6 scrolls of identify
 n - 11 scrolls of remove curse
 s - 3 scrolls of blinking
 y - 3 scrolls of magic mapping {unknown}
 B - 2 scrolls of recharging {unknown}
 C - 2 scrolls of teleportation {unknown}
 E - 2 scrolls of fear
 F - a scroll of acquirement {unknown}
 N - 2 scrolls of enchant armour {unknown}
 P - a scroll of immolation {unknown}
 V - a scroll of fog {unknown}
 W - a scroll of noise {unknown}
Potions
 d - 7 potions of heal wounds {unknown}
 f - 2 potions of berserk rage
 g - 3 potions of might {unknown}
 l - 5 potions of agility {unknown}
 o - 4 potions of lignification
 p - 4 potions of flight {unknown}
 q - 2 potions of degeneration {unknown}
 A - 3 potions of haste {unknown}
 D - 3 potions of brilliance {unknown}
 I - a potion of ambrosia {unknown}
 K - 2 potions of curing {unknown}
 X - a potion of beneficial mutation {unknown}
Comestibles
 c - 11 bread rations
 h - a slice of pizza
 m - 9 fruits
 r - 7 meat rations
 u - 9 beef jerkies


   Skills:
 + Level 13.3 Fighting
 + Level 15.5 Maces & Flails
 + Level 1.9 Slings
 + Level 12.5 Armour
 + Level 5.8 Dodging
 + Level 0.5 Stealth
 + Level 0.1 Evocations


You had 11 spell levels left.
You didn't know any spells.

Dungeon Overview and Level Annotations

Branches:
Dungeon (9/15)             Temple (0/1) D:4            Lair (4/6) D:9
  Swamp (0/4) Lair:3       Spider (0/4) Lair:3
    Orc: D:9-12

Altars:
Dithmenos
Fedhas
Gozag
Hepliaklqana
Okawaru
Ru
Uskayaw
Xom
The Shining One

Shops:
D:3 *   D:7 *

Annotations:
D:8 exclusion: oklob plant


Innate Abilities, Weirdness & Mutations

((You reflexively headbutt those who attack you in melee.))
((You have a pair of horns on your head.))


Message History

The komodo dragon is lightly wounded.
You feel sick. The komodo dragon bites you.
* * * LOW HITPOINT WARNING * * *
You turn into a tree.
Your +2 pair of gloves melds into your body.
Your +0 pair of boots melds into your body.
Your +0 plate armour melds into your body.
Your roots penetrate the ground.
You feel very sick.
The komodo dragon completely misses you. x2
You barely miss the komodo dragon.
The komodo dragon is lightly wounded.
You feel sick. The komodo dragon bites you!
* * * LOW HITPOINT WARNING * * *
You sock the komodo dragon!
The komodo dragon is heavily wounded.
You feel sick. The komodo dragon bites you!!
* * * LOW HITPOINT WARNING * * *
The komodo dragon bites you!!
You die...

#####............##.#### #.....
.#.#..(................## ###...
..###.............##....# ###.
..................####..## #.
.....#.##.#.......# ##..#######.
.....######...†#..## #P<.P##....
##...#######..#....# ##....##...
##...P...#..###l..####.#........
#.........####♣.#..#####.......
#......##.###..##..P.# ##......
########.##..........# #...###
#####.#####.########.# ##..###
#.#....####.#....#.#.## #P..P#
##.....##....#....#.#..###...##
##..####......#......#.#)....##
..#.# ####...#).....#.......##
.#### #...#'###'##.......P#


You could see a komodo dragon.

Vanquished Creatures
  4 hydras
  Harold (Lair:1)
  A fire crab (Lair:4)
  Pikel (D:5)
  2 oklob plants (Lair:3)
  A necromancer (Lair:4)
  A griffon (Lair:4)
  A black mamba (Lair:4)
  7 spiny frogs
  2 rime drakes (Lair:4)
  A jumping spider (Lair:3)
  2 trolls (D:9)
  A giant leech (Lair:3)
  5 blink frogs (Lair:3)
  A redback (Lair:3)
  Sigmund (D:4)
  14 yaks
  A wyvern (D:6)
  3 hippogriffs
  A hungry ghost (D:8)
  Edmund (D:4)
  A swamp worm (Lair:3)
  2 water moccasins
  4 porcupines
  2 sky beasts
  3 orc warriors
  6 ice beasts
  A wasp (D:9)
  8 wolves
  5 ogres
  4 centaurs
  5 crocodiles
  2 big kobolds
  6 elf zombies (Ossuary)
  2 gnoll sergeants (D:9)
  9 giant frogs
  2 scorpions
  8 howler monkeys
  3 electric eels (Lair:1)
  A crimson imp (D:8)
  7 hounds
  A giant frog skeleton (D:7)
  7 orc priests
  A centaur skeleton (D:5)
  6 human zombies (Ossuary)
  4 iguanas
  A gnoll shaman (D:6)
  5 orc wizards
  7 worker ants
  2 polar bear simulacra (Lair:4)
  6 yak simulacra (Lair:4)
  5 sheep (Lair:2)
  A wolf simulacrum (Lair:4)
  A hound zombie (D:8)
  A hound skeleton (D:6)
  3 mummies (Ossuary)
  A worker ant zombie (D:8)
  20 gnolls
  2 howler monkey skeletons (D:8)
  15 river rats
  10 adders
  2 shadow imps
  An ooze (D:1)
  4 worms
  3 dart slugs
  8 giant geckos
  47 orcs
  6 ball pythons
  5 bats
  12 giant cockroaches
  5 goblins
  9 hobgoblins
  12 jackals
  A giant gecko skeleton (D:4)
  5 giant newts
  A jackal skeleton (D:9)
  18 kobolds
  5 rats
  2 river rat simulacra (Lair:4)
  A fungus (Lair:1)
  A plant (Lair:1)
380 creatures vanquished.

Vanquished Creatures (others)
  2 adders (D:5)
  2 orcs (D:5)
  3 giant cockroaches (D:5)
  A quokka (D:5)
  A bush (Lair:4)
  2 plants
11 creatures vanquished.

Grand Total: 391 creatures vanquished

Notes
Turn   | Place    | Note
-------+----------+-------------------------------------------
     0 | D:1      | Gagarin the Minotaur Berserker began the quest for the Orb.
     0 | D:1      | Reached XP level 1. HP: 19/19 MP: 0/0
   134 | D:1      | Reached XP level 2. HP: 16/27 MP: 1/1
   195 | D:1      | Reached skill level 4 in Maces & Flails
   705 | D:2      | Reached XP level 3. HP: 33/33 MP: 2/2
   751 | D:2      | Reached ** piety under Trog
   858 | D:2      | You fall through a shaft!
  1056 | D:3      | Reached XP level 4. HP: 35/41 MP: 3/3
  1161 | D:2      | Found a faded altar of an unknown god.
  2402 | D:3      | Reached skill level 5 in Fighting
  2407 | D:3      | Reached XP level 5. HP: 48/48 MP: 4/4
  2408 | D:3      | Reached skill level 5 in Maces & Flails
  2416 | D:3      | Reached *** piety under Trog
  2491 | D:3      | Found an opulent altar of Gozag.
  2494 | D:3      | Found Gozag's Platinum Reserve.
  3097 | D:4      | Found a sacrificial altar of Ru.
  3109 | D:4      | Reached XP level 6. HP: 56/56 MP: 5/5
  3232 | D:4      | Found a staircase to the Ecumenical Temple.
  3328 | D:4      | Noticed Sigmund
  3367 | D:4      | Killed Sigmund
  3367 | D:4      | Reached skill level 6 in Maces & Flails
  3367 | D:4      | Reached skill level 5 in Armour
  3367 | D:4      | Reached XP level 7. HP: 60/62 MP: 6/6
  3557 | D:4      | Noticed Edmund
  3564 | D:4      | Killed Edmund
  3747 | D:4      | Found a hide-covered altar of Uskayaw.
  3749 | D:4      | Noticed a dagger
  3749 | D:4      | Noticed a dagger
  3789 | D:4      | You fall through a shaft!
  3789 | D:5      | Entered Level 5 of the Dungeon
  3795 | D:5      | Noticed Pikel
  3802 | D:5      | Killed Pikel
  3802 | D:5      | Reached skill level 7 in Maces & Flails
  3802 | D:5      | Reached XP level 8. HP: 73/73 MP: 7/7
  3998 | D:5      | Found a glowing drain.
  4013 | Sewer    | Entered a sewer
  4024 | Sewer    | Reached **** piety under Trog
  4215 | Sewer    | Reached skill level 8 in Maces & Flails
  4527 | D:6      | Reached skill level 5 in Dodging
  4630 | D:6      | Found a shadowy altar of Dithmenos.
  4769 | D:6      | Reached XP level 9. HP: 66/81 MP: 8/8
  4829 | D:6      | Reached skill level 9 in Maces & Flails
  4935 | D:6      | Reached ***** piety under Trog
  5180 | D:6      | Reached skill level 10 in Maces & Flails
  5336 | D:7      | Found an iron altar of Okawaru.
  5425 | D:7      | Found a glowing golden altar of the Shining One.
  5544 | D:7      | Found Meel's General Store.
  5583 | D:7      | Bought a potion of berserk rage for 70 gold pieces
  5583 | D:7      | Bought a potion of lignification for 42 gold pieces
  5918 | D:7      | Received a gift from Trog
  6446 | D:8      | Found a blossoming altar of Fedhas.
  6469 | D:8      | Found a sand-covered staircase.
  6502 | Ossuary  | Entered an ossuary
  6534 | Ossuary  | Reached skill level 11 in Maces & Flails
  6585 | Ossuary  | Reached XP level 10. HP: 88/91 MP: 3/9
  6929 | D:8      | Found a shimmering altar of Xom.
  6929 | D:8      | Noticed an oklob plant
  7089 | D:8      | Reached skill level 10 in Fighting
  7279 | D:8      | Noticed a five-headed hydra
  7286 | D:8      | Killed a five-headed hydra
  7286 | D:8      | Reached skill level 12 in Maces & Flails
  7571 | D:9      | Found a hazy altar of Hepliaklqana.
  7751 | D:9      | Received a gift from Trog
  7797 | D:9      | Found a staircase to the Lair.
  8184 | D:9      | Reached skill level 10 in Armour
  8211 | Lair:1   | Entered Level 1 of the Lair of Beasts
  8216 | Lair:1   | Reached skill level 13 in Maces & Flails
  8219 | Lair:1   | Noticed a spiny frog
  8231 | Lair:1   | Killed a spiny frog
  8231 | Lair:1   | Reached XP level 11. HP: 90/102 MP: 3/10
  8724 | Lair:1   | Noticed Harold
  8733 | Lair:1   | Killed Harold
  8819 | Lair:1   | Reached skill level 1 in Slings
  9545 | Lair:2   | Noticed an eight-headed hydra
  9553 | Lair:2   | Killed an eight-headed hydra
  9756 | Lair:2   | Noticed a six-headed hydra
  9762 | Lair:2   | Killed a six-headed hydra
  9994 | Lair:2   | Reached skill level 14 in Maces & Flails
 10316 | Lair:3   | Noticed an oklob plant
 10317 | Lair:3   | Noticed an oklob plant
 10323 | Lair:3   | Killed an oklob plant
 10334 | Lair:3   | Killed an oklob plant
 10690 | Lair:3   | Found a hole to the Spider Nest.
 10701 | Lair:3   | Reached XP level 12. HP: 94/113 MP: 3/11
 10720 | Lair:3   | Received a gift from Trog
 11037 | Lair:3   | Found a staircase to the Swamp.
 12121 | Lair:4   | Reached skill level 15 in Maces & Flails
 12215 | Lair:4   | Noticed a six-headed hydra
 12219 | Lair:4   | Killed a six-headed hydra
 12234 | Lair:4   | Received a gift from Trog
 13050 | Lair:4   | HP: 4/172 [komodo dragon (21)]
 13050 | Lair:4   | Demolished by a komodo dragon

Vault maps used:
D:1:      lemuel_arrival_cross
D:2:      ecumenical_altar_1, serial_forest, infiniplex_forest_lined_ring,
          infiniplex_forest_zigzag_2, infiniplex_forest_straight_1,
          infiniplex_forest_split, infiniplex_forest_straight_5,
          infiniplex_forest_clump_medium
D:3:      nicolae_gozag_zags_fifth_avenue, first_bread
D:4:      dancing_weapons_uskayaw, nicolae_ru_awakened_eye, uniq_edmund,
          uniq_blork_the_orc, uniq_sigmund
D:5:      gup_sewer_entry_glass, uniq_pikel
D:6:      grunt_ministairs_6, nicolae_dithmenos_shadow_blocks
D:7:      okawaru_altar_gauntlet_db, serial_column_ruins,
          column_ruins_corridor_dead_end, column_ruins_columns_T,
          column_ruins_columns_straight, serial_shops, nicolae_shop_statue_plus,
          grunt_ogre_cave, nicolae_tso_carved_into_rock
D:8:      nicolae_overflow_hidden_temple, nicolae_ossuary_entry_ruins,
          hangedman_decor_points, lemuel_oklob_altar
D:9:      lemuel_doored_altar, lair_0_dummy
Lair:1:   infiniplex_staircase_pool, serial_bayou_shore_a, grunt_megastairs_3,
          uniq_harold
Lair:3:   dpeg_oklob_shooting_range, minmay_swamp_entry_worms,
          spider_nest_entry_a
Lair:4:   eino_house_with_fridge, serial_bayou_shore_b
Sewer:    sewer_frog_island_01
Ossuary:  ossuary_minmay_four_chambers

Skill      XL: |  1  2  3  4  5  6  7  8  9 10 11 12 |
---------------+-------------------------------------+-----
Maces & Flails | 4 5 6 7 8 11 13 14 15 | 15.5
Fighting       | 4 5 7 8 9 11 12 13 | 13.3
Armour         | 3 4 5 6 7 9 10 11 12 | 12.5
Dodging        | 3 4 5 |  5.8
Slings         | 1 |  1.9
Stealth        | |  0.5
Evocations     | |  0.1

Action                   |  1- 3 |  4- 6 |  7- 9 | 10-12 || total
-------------------------+-------+-------+-------+-------++-------
Melee: Mace              |    70 |    77 |       |       ||   147
       Headbutt          |    10 |    27 |    50 |    68 ||   155
       Whip              |       |   101 |    20 |       ||   121
       Flail             |       |       |   238 |       ||   238
       Great mace        |       |       |    81 |   402 ||   483
 Fire: Hunting sling     |       |       |       |    10 ||    10
Invok: Berserk           |       |     2 |     2 |     6 ||    10
       Trog's Hand       |       |     1 |       |     2 ||     3
       Burn Spellbooks   |       |       |     1 |     2 ||     3
Evoke: Wand              |       |       |       |     1 ||     1
  Use: Scroll            |       |     1 |     3 |     9 ||    13
       Potion            |       |       |       |     1 ||     1
  Eat: Chunk             |       |     9 |    41 |    28 ||    78
Armor: Plate armour      |    45 |    89 |   206 |   216 ||   556
       Animal skin       |     2 |       |       |       ||     2
Dodge: Dodged            |    26 |    65 |   185 |   211 ||   487
